 Dungeon Crawl Stone Soup version 0.30-a0-241-g1121274140 (webtiles) character file.

Game seed: 5108871418127027609

86 Hubris850 the Shooter (level 4, -3/27 HPs)
             Began as a Deep Elf Hunter on Oct 10, 2022.
             Slain by Grinder (6 damage)
             ... on level 3 of the Dungeon.
             The game lasted 00:04:54 (1531 turns).

Hubris850 the Shooter (Deep Elf Hunter)             Turns: 1531, Time: 00:04:54

Health: -3/27      AC:  3    Str:  8    XL:     4   Next: 27%
Magic:  6/15       EV: 12    Int: 16    God:
Gold:   71         SH:  0    Dex: 16    Spells: 3/3 levels left

rFire   + . .      SeeInvis .    b - +10 whip "Moeraraczo" {elec, +Blink rC+ MP+9 Dex-2}
rCold   + + .      Faith    .    (no shield)
rNeg    . . .      Spirit   .    c - +0 leather armour
rPois   .          Reflect  .    (no helmet)
rElec   .          Harm     .    f - scarf {rC+ rF+}
rCorr   +          Rampage  .    (no gloves)
Will    .....                    (no boots)
Stlth   ++........               (no amulet)
HPRegen 0.24/turn                k - ring of resist corrosion
MPRegen 0.14/turn                (no ring)

@: no status effects
A: no striking features
a: Evoke Blink


You were on level 3 of the Dungeon.
You visited 1 branch of the dungeon, and saw 3 of its levels.

You collected 71 gold pieces.

Inventory:

Hand Weapons
 a - a +0 shortbow of flaming
 b - the +10 whip "Moeraraczo" (weapon) {elec, +Blink rC+ MP+9 Dex-2}
   (You found it on level 2 of the Dungeon)

   It occasionally discharges a powerful burst of electricity upon striking a
   foe.
   Dex:       It affects your dexterity (-2).
   rC:        It protects you from cold.
   MP:        It affects your magic capacity (+9).
   +Blink:    It lets you blink.
Missiles
 d - 5 poisoned darts
Armour
 c - a +0 leather armour (worn)
 f - a scarf of resistance (worn)
 q - the +1 chain mail of Mienuetyu {rCorr Str+3 Int+7}
   (You found it on level 2 of the Dungeon)

   Str:       It affects your strength (+3).
   Int:       It affects your intelligence (+7).
   rCorr:     It protects you from acid and corrosion.
Jewellery
 k - a ring of resist corrosion (left hand)
Scrolls
 h - 2 scrolls of identify {unknown}
 l - 2 scrolls of immolation
 m - a scroll of amnesia {unknown}
 o - 3 scrolls of noise {unknown}
Potions
 e - 5 potions of curing {unknown}
 g - a potion of resistance {unknown}
 i - a potion of heal wounds {unknown}
 j - a potion of brilliance {unknown}
 n - a potion of might {unknown}
 p - a potion of mutation {unknown}


   Skills:
 + Level 2.3 Fighting
 + Level 5.9 Ranged Weapons
 - Level 3.4 Dodging
 + Level 2.9 Stealth


You had 3 spell levels left.
You didn't know any spells.
Your spell library was empty.

Dungeon Overview and Level Annotations

Branches:
Dungeon (3/15)

Altars:

Shops:
D:3 !

Annotations:
D:3 Grinder


Message History

You see here a scroll labelled YFOTRA WEX.
You shoot an arrow. The arrow hits Grinder!
The arrow burns Grinder.
Grinder shouts!
Grinder is moderately wounded.
You shoot an arrow.
The arrow hits Grinder but does no damage.
Grinder is moderately wounded.
Grinder blinks!
You start waiting.
Grinder is nearby!
You shoot an arrow.
The arrow hits Grinder but does no damage.
Grinder is moderately wounded.
You shoot an arrow. The arrow closely misses Grinder.
Grinder blinks!
You shoot an arrow. The arrow closely misses Grinder.
You shoot an arrow.
The arrow hits Grinder but does no damage.
Grinder is moderately wounded.
Grinder gestures at you. Pain shoots through your body!
Ouch! That really hurt!
Your +0 shortbow of flaming stops flaming.
You feel clumsy.
You hear the crackle of electricity.
b - the +10 whip "Moeraraczo" (weapon)
{elec, +Blink rC+ MP+9 Dex-2} You are too injured to fight recklessly!
You are too injured to fight recklessly!
You closely miss Grinder.
Grinder is moderately wounded.
Grinder hits you.
You writhe in agony.
* * * LOW HITPOINT WARNING * * *
You hit Grinder.
Grinder is moderately wounded.
Grinder blinks!
You hit Grinder.
Grinder is heavily wounded.
Grinder barely misses you. Grinder hits you.
* * * LOW HITPOINT WARNING * * *
You writhe in agony.
You die...

..#.# #.#.#
#.#.# .
#.#.##
#.###....#
#...⌠.⌠..###
##.∩)....#
#.⌠.⌠@5..#
#..#..#..#
#. #..# .#
#..#.## .#
#..#.##..#
#........#
####.#####
### #.# ..#
#.#


You could see Grinder.

Vanquished Creatures
  3 adders (D:2)
  2 worms (D:2)
  2 dart slugs
  2 bats
  8 endoplasms
  3 giant cockroaches (D:2)
  6 goblins
  2 hobgoblins
  4 jackals (D:2)
  4 kobolds
  A quokka (D:1)
  3 ball pythons
  3 frilled lizards
  2 rats (D:1)
45 creatures vanquished.

Notes
Turn   | Place    | Note
-------+----------+-------------------------------------------
     0 | D:1      | Hubris850 the Deep Elf Hunter began the quest for the Orb.
     0 | D:1      | Reached XP level 1. HP: 12/12 MP: 3/3
   348 | D:1      | Reached XP level 2. HP: 17/17 MP: 4/4
  1018 | D:2      | Reached XP level 3. HP: 19/21 MP: 5/5
  1051 | D:2      | Identified the +10 whip "Moeraraczo" {elec, +Blink rC+ MP+9
                  | Dex-2}
  1239 | D:2      | Reached XP level 4. HP: 26/26 MP: 6/6
  1394 | D:2      | Identified the +1 chain mail of Mienuetyu {rCorr Str+3
                  | Int+7}
  1513 | D:3      | Found Saiwe's Distillery.
  1519 | D:3      | Noticed Grinder
  1531 | D:3      | Slain by Grinder

Illustrated notes

Levels and vault maps discovered:
D:1:      kennysheep_arrival_seaside, layout_basic
D:2:      layout_basic, minmay_pentomino_w4
D:3:      layout_loops_cross, lemuel_doored_altar, serial_shops, shop,
          nicolae_shop_stone, shop_fountains, nicolae_shop_bloodbath_and_beyond,
          uniq_grinder, uniq_natasha, uniq_crazy_yiuf_cottage

Skill      XL: |  1  2  3 |
---------------+----------+-----
Stealth        | 2 |  2.9
Fighting       | 2 |  2.3
Dodging        | 3 |  3.4
Ranged Weapons | |  5.9

Action                   |  1- 3 |  4- 6 || total
-------------------------+-------+-------++-------
Melee: Whip              |       |     7 ||     7
 Fire: Shortbow          |    72 |    14 ||    86
  Use: Scroll            |     1 |       ||     1
Armor: Leather armour    |     8 |       ||     8
Dodge: Dodged            |    12 |     4 ||    16

Table legend: (Time is in decaauts)
 A = Elapsed time spent in this place.
 B = Non-inter-level travel time spent in this place.
 C = Inter-level travel time spent in this place.
 D = Time resting spent in this place.
 E = Time spent auto-exploring this place.
 F = Levels seen in this place.
 G = Mean time per level.
                   A        B        C        D        E       F      G
               +--------+--------+--------+--------+--------+-----+--------+
         Total |   1554 |   1469 |     85 |      3 |   1261 |   3 |  518.0 |
       Dungeon |   1554 |   1469 |     85 |      3 |   1261 |   3 |  518.0 |
               +--------+--------+--------+--------+--------+-----+--------+

Top non-repeatable levels by time:
     D:1: 961 daAuts
     D:2: 553 daAuts
     D:3: 39 daAuts
